 Dungeon Crawl Stone Soup version 0.32-a0-814-g0968bab981 (webtiles) character file.

Game seed: 3518169934749579082

2912 Griffin23 the Carver (level 9, -2/82 HPs)
             Began as a Minotaur Fighter on Mar 22, 2024.
             Was a Follower of Okawaru.
             Slain by Grum
             ... wielding a +1 glaive of freezing
              (4 damage)
             ... on level 8 of the Dungeon.
             The game lasted 00:12:03 (8046 turns).

Griffin23 the Carver (Minotaur Fighter)             Turns: 8046, Time: 00:12:04

Health: -2/82      AC: 16    Str: 24    XL:     9   Next: 49%
Magic:  8/8        EV:  6    Int:  5    God:    Okawaru [*.....]
Gold:   540        SH:  0    Dex: 11    Spells: 8/8 levels left

rFire   . . .        y - +0 great sword
rCold   . . .        (shield currently unavailable)
rNeg    . . .        l - +0 plate armour
rPois   .            (helmet restricted)
rElec   .            B - +1 cloak {Will+}
rCorr   +            (no gloves)
SInv    .            (no boots)
Will    +....        p - amulet of the acrobat Stlth
                     h - ring of resist corrosion
HPRegen 0.33/turn    (no ring)
MPRegen 0.11/turn

%: acrobat
@: no status effects
A: horns 2, retaliatory headbutt
a: Renounce Religion, Heroism


You were on level 8 of the Dungeon.
You worshipped Okawaru.
Okawaru was aware of your devotion.
You visited 2 branches of the dungeon, and saw 9 of its levels.

You collected 678 gold pieces.
You spent 138 gold pieces at shops.

Inventory:

Hand Weapons
 a - a +1 long sword
 y - a +0 great sword (weapon)
Missiles
 o - 6 throwing nets (quivered)
Armour
 b - a +0 scale mail
 c - a +0 buckler
 f - a +0 chain mail
 l - a +0 plate armour (worn)
 B - a +1 cloak of willpower (worn)
Jewellery
 h - a ring of resist corrosion (left hand)
 p - an amulet of the acrobat (around neck)
Wands
 d - a wand of flame (44)
 t - a wand of charming (22)
 x - a wand of iceblast (13)
Scrolls
 g - a scroll of revelation
 j - 2 scrolls of blinking
 k - 2 scrolls of butterflies
 m - a scroll of noise
 n - a scroll of identify
 q - 2 scrolls of amnesia
 r - 3 scrolls of fog
 u - 3 scrolls of teleportation
 z - a scroll of vulnerability
 A - a scroll of enchant weapon
 C - a scroll of immolation {unknown}
Potions
 e - 2 potions of degeneration
 i - 2 potions of ambrosia
 s - a potion of invisibility
 v - 4 potions of curing
 w - a potion of haste


   Skills:
 + Level 8.4 Fighting
 * Level 10.8 Long Blades
 + Level 8.4 Armour
 - Level 6.2 Shields


You had 8 spell levels left.
You didn't know any spells.
Your spell library contained the following spells:

 Spells                   Type           Power      Damage    Failure   Level
 Sting                    Conj/Alch      0%         1d3       100%        1
 Ensorcelled Hibernation  Hex/Ice        0%         N/A       100%        2
 Mercury Vapours          Alch/Air       0%         N/A       100%        2
 Passwall                 Erth           0%         N/A       100%        3
 Sigil of Binding         Hex            0%         N/A       100%        3
 Swiftness                Air            0%         N/A       100%        3
 Dimensional Bullseye     Hex/Tloc       0%         N/A       100%        4
 Olgreb's Toxic Radiance  Alch           0%         N/A       100%        4
 Call Canine Familiar     Summ           Unusable   N/A       N/A         3
 Death Channel            Necr           Unusable   N/A       N/A         6
 Sculpt Simulacrum        Ice/Alch       Unusable   N/A       N/A         6

Dungeon Overview and Level Annotations

Branches:
Dungeon (8/15)             Temple (1/1) D:5
   Lair: D:8-11

Altars:
Ashenzari
Cheibriados
Dithmenos
Elyvilon
Fedhas
Gozag
Hepliaklqana
Kikubaaqudgha
Makhleb
Nemelex Xobeh
Okawaru
Qazlal
Ru
Sif Muna
Trog
Uskayaw
Wu Jian
Xom
Yredelemnul
Zin
The Shining One

Shops:
D:3 *   D:5 :

Annotations:
D:8 Grum


Innate Abilities, Weirdness & Mutations

You have a pair of horns on your head.
You reflexively headbutt those who attack you in melee.


Message History

The centaur kicks you but does no damage.
The centaur barely misses you.
The centaur kicks you but does no damage.
You barely miss the centaur. Your headbutt misses the centaur.
The centaur is heavily wounded.
The centaur hits you but does no damage.
The centaur barely misses you. x2; The centaur closely misses you.
You slice the centaur!!
You kill the centaur!
Okawaru accepts your kill.
You start resting.
Grum the Hunter comes into view.
He is wielding a +1 glaive of freezing.
Grum growls angrily.
You close the door, pushing everything out of the way.
Grum breaks down the door.
You are too injured to fight recklessly!
You are too injured to fight recklessly!
You are too injured to fight recklessly!
Grum misses you. You furiously retaliate!
You headbutt Grum.
There is a broken door, spattered with blood here.
You barely miss Grum.
Grum is lightly wounded.
Grum hits you with a +1 glaive of freezing!!
* * * LOW HITPOINT WARNING * * *
Grum freezes you.
* * * LOW HITPOINT WARNING * * *
You hit Grum. Your headbutt misses Grum.
Grum is lightly wounded.
Grum hits you but does no damage.
You fail to use your ability.
Grum hits you with a +1 glaive of freezing!
* * * LOW HITPOINT WARNING * * *
Grum freezes you.
* * * LOW HITPOINT WARNING * * *
Unknown command.
You feel better.
Grum hits you with a +1 glaive of freezing!
* * * LOW HITPOINT WARNING * * *
Grum freezes you.
You die...

#....... +......
#######..... ...........
#........ +....... ##
#.....################[
+....g@..............'.
#.####.....######.......###.
#..........# #.......# #.
#.......#### ##......# #.
#.......# #......# #.
#.......# #...)))# ##
#.......# #####.##
'.....!?.# #..## ###5[....#
##..#


You could see Grum.

Vanquished Creatures
  Sigmund (D:3)
  A wyvern (D:7)
  2 water moccasins
  A sky beast (D:7)
  An orc warrior (D:8)
  3 wolves (D:8)
  A black bear (D:6)
  2 ice beasts (D:7)
  An ogre (D:5)
  A centaur (D:8)
  A phantom (D:6)
  2 bullfrogs
  3 scorpions
  3 howler monkeys (D:7)
  A bombardier beetle (D:4)
  A jelly (D:4)
  3 orc priests
  6 hounds
  Crazy Yiuf (D:6)
  Ijyb (D:3)
  3 sleepcaps (D:5)
  Jessica (D:3)
  2 gnoll boudas (D:6)
  2 iguanas
  3 orc wizards
  Robin (D:2)
  7 adders
  14 gnolls
  2 white imps
  3 ufetubi
  A dart slug (D:1)
  5 ribbon worms
  26 orcs
  7 bats
  2 endoplasms (D:2)
  3 giant cockroaches
  14 goblins
  6 hobgoblins
  4 quokkas
  6 ball pythons
  8 frilled lizards
  8 kobolds
  5 rats
169 creatures vanquished.

Notes
Turn   | Place    | Note
-------+----------+-------------------------------------------
     0 | D:1      | Griffin23 the Minotaur Fighter began the quest for the Orb.
     0 | D:1      | Reached XP level 1. HP: 19/19 MP: 0/0
    59 | D:1      | Reached XP level 2. HP: 19/27 MP: 1/1
   325 | D:1      | Reached skill level 3 in Long Blades
   691 | D:2      | Found a blossoming altar of Fedhas.
   809 | D:2      | Reached XP level 3. HP: 21/33 MP: 2/2
  1556 | D:3      | Noticed Ijyb
  1802 | D:3      | Noticed Jessica
  1813 | D:3      | Killed Jessica
  1814 | D:3      | Reached XP level 4. HP: 23/40 MP: 3/3
  1902 | D:3      | Reached skill level 4 in Long Blades
  2176 | D:3      | Killed Ijyb
  2177 | D:3      | Reached XP level 5. HP: 42/47 MP: 4/4
  2332 | D:3      | Noticed Robin
  2340 | D:2      | Killed Robin
  2442 | D:3      | Found Utiw's Assorted Antiques.
  2449 | D:3      | Bought an iron ring for 115 gold pieces
  2519 | D:3      | Noticed Sigmund
  2533 | D:3      | Killed Sigmund
  2534 | D:3      | Reached skill level 5 in Fighting
  2534 | D:3      | Reached skill level 5 in Long Blades
  2534 | D:3      | Reached skill level 5 in Armour
  2534 | D:3      | Reached skill level 5 in Shields
  2534 | D:3      | Reached XP level 6. HP: 24/56 MP: 5/5
  3357 | D:4      | Reached skill level 6 in Long Blades
  3357 | D:4      | Reached XP level 7. HP: 49/61 MP: 6/6
  3949 | D:5      | Entered Level 5 of the Dungeon
  4028 | D:5      | Found Gett's Book Boutique.
  4430 | D:5      | Reached skill level 7 in Long Blades
  4586 | D:5      | Reached XP level 8. HP: 62/70 MP: 7/7
  4673 | D:5      | Found a staircase to the Ecumenical Temple.
  5246 | D:6      | Found a runed translucent door.
  5247 | D:6      | Noticed Crazy Yiuf
  5253 | D:6      | Killed Crazy Yiuf
  5311 | D:6      | Reached skill level 8 in Long Blades
  6000 | D:3      | Bought a scroll labelled YFERUTSICWU for 23 gold pieces
  6050 | D:7      | Reached skill level 9 in Long Blades
  6297 | Temple   | Entered the Ecumenical Temple
  6327 | Temple   | Became a worshipper of Warmaster Okawaru
  6799 | D:7      | Reached XP level 9. HP: 55/79 MP: 8/8
  7275 | D:7      | Reached skill level 10 in Long Blades
  7996 | D:8      | Reached * piety under Okawaru
  8033 | D:8      | Noticed Grum
  8046 | D:8      | HP: 2/82 [Grum/+1 glaive of freezing (13)]
  8046 | D:8      | Slain by Grum

Illustrated notes

Levels and vault maps discovered:
D:1:      minmay_arrival_hallway, layout_basic, st_stairs_7,
          hangedman_abyss_or_decor_stabs
D:2:      layout_basic, basic_altar, minmay_unequal
D:3:      layout_loops_ring, serial_shops, nicolae_shop_tiny_statue_garden,
          uniq_ijyb, uniq_sigmund, uniq_jessica, uniq_robin
D:4:      layout_loops_corners
D:5:      layout_layer_cave, minmay_temple_entry_antechambers, serial_shops,
          nicolae_book_shop_shelving, minmay_pentangle
D:6:      layout_rooms, uniq_crazy_yiuf_cottage
D:7:      layout_loops_ring, grunt_ministairs_7
D:8:      layout_basic, lemuel_tele_altar, nicolae_elevator_lobby_asterisk,
          uniq_grum
Temple:   nicolae_temple_the_god_donut

Skill      XL: |  1  2  3  4  5  6  7  8  9 |
---------------+----------------------------+-----
Long Blades    | 3 4 5 6 7 9 10 | 10.8
Fighting       | 4 5 6 7 8 |  8.4
Armour         | 4 5 6 7 8 |  8.4
Shields        | 4 5 6 |  6.2

Action                     |  1- 3 |  4- 6 |  7- 9 || total
---------------------------+-------+-------+-------++-------
  Melee: Long sword        |   137 |   112 |    81 ||   330
         Headbutt          |     5 |    25 |    55 ||    85
         Great sword       |       |       |   185 ||   185
    Use: Potion            |     5 |     1 |     4 ||    10
         Scroll            |     2 |     4 |     5 ||    11
   Stab: Invisible         |     1 |       |       ||     1
 Armour: Scale mail        |    66 |       |       ||    66
         Plate armour      |    65 |   127 |   376 ||   568
  Dodge: Dodged            |    41 |    45 |   200 ||   286
  Block: Buckler           |    28 |    30 |    22 ||    80

Table legend: (Time is in decaauts)
 A = Elapsed time spent in this place.
 B = Non-inter-level travel time spent in this place.
 C = Inter-level travel time spent in this place.
 D = Time resting spent in this place.
 E = Time spent auto-exploring this place.
 F = Levels seen in this place.
 G = Mean time per level.
                   A        B        C        D        E       F      G
               +--------+--------+--------+--------+--------+-----+--------+
         Total |   8147 |   7640 |    507 |   1043 |   5331 |   9 |  905.2 |
       Dungeon |   8102 |   7638 |    464 |   1043 |   5331 |   8 | 1012.8 |
        Temple |     45 |      2 |     43 |      0 |      0 |   1 |   45.0 |
               +--------+--------+--------+--------+--------+-----+--------+

Top non-repeatable levels by time:
     D:5: 1323 daAuts
     D:3: 1205 daAuts
     D:2: 1200 daAuts
     D:4: 1138 daAuts
     D:7: 968 daAuts
     D:6: 962 daAuts
     D:8: 695 daAuts
     D:1: 608 daAuts
  Temple: 45 daAuts
